 Dungeon Crawl Stone Soup version 0.23.2-33-g5129a83184 (webtiles) character file.

Game seed: 12672855021910903901

14569 FishyPogo the Destroyer (level 11, -1/95 HPs)
             Began as a Black Draconian Conjurer on Aug 8, 2019.
             Was a High Priest of Qazlal.
             Slain by a white ugly thing (11 damage)
             ... on level 12 of the Dungeon.
             The game lasted 01:29:56 (14777 turns).

FishyPogo the Destroyer (Black Draconian Conjurer) Turns: 14777, Time: 01:29:57

Health: -1/95      AC: 10    Str: 10    XL:     11   Next: 90%
Magic:  7/21       EV: 15    Int: 16    God:    Qazlal [*****.]
Gold:   769        SH: 11    Dex: 15    Spells: 6/23 levels left

rFire    . . .     SeeInvis +   a - +5 falchion
rCold    + . .     Gourm    .   n - +0 buckler
rNeg     + . .     Faith    .   (armour unavailable)
rPois    .         Spirit   .   (helmet restricted)
rElec    +         Reflect  .   c - +0 cloak
rCorr    .         Harm     .   o - +1 pair of gloves
MR       .....                  (no boots)
Stlth    +.........             y - amulet of magic regeneration
HPRegen  0.25/turn              e - ring of positive energy
MPRegen  0.42/turn              f - ring of see invisible

@: short of breath, protected from cold, repel missiles
A: breathe lightning, unfitting armour, electricity resistance, cold-blooded, AC
+7
a: Breathe Lightning, Upheaval, Elemental Force, Disaster Area, Renounce
Religion


You were on level 12 of the Dungeon.
You worshipped Qazlal.
Qazlal was extremely pleased with you.
You were hungry.

You visited 1 branch of the dungeon, and saw 12 of its levels.
You also visited: Sewer and Bailey.

You collected 1061 gold pieces.
You spent 292 gold pieces at shops.

Inventory:

Hand Weapons
 a - a +5 falchion (weapon)
Missiles
 h - 282 stones (quivered)
 m - 5 throwing nets
 F - 70 tomahawks of returning
Armour
 c - a +0 cloak (worn)
 n - a +0 buckler (worn)
 o - a +1 pair of gloves (worn)
 X - a scarf of spirit shield
Magical Staves
 b - an uncursed staff of air
 U - an uncursed staff of cold
Jewellery
 e - a ring of positive energy (left hand)
 f - a ring of see invisible (right hand)
 x - an uncursed amulet of the acrobat
 y - an amulet of magic regeneration (around neck)
 E - an uncursed amulet of rage
 S - a +3 ring of intelligence
 T - an uncursed ring of flight
Wands
 H - a wand of clouds (6)
 L - a wand of enslavement (17)
 O - a wand of scattershot (4)
 P - a wand of disintegration (12)
 R - a wand of polymorph (6)
Scrolls
 d - a scroll of random uselessness {unknown}
 g - 15 scrolls of identify
 j - 3 scrolls of noise {unknown}
 k - a scroll of fog
 p - 2 scrolls of fear
 q - 3 scrolls of teleportation
 v - 7 scrolls of amnesia {unknown}
 B - 4 scrolls of remove curse
 D - 3 scrolls of enchant armour
 I - a scroll of enchant weapon {unknown}
 K - a scroll of acquirement {unknown}
 M - a scroll of magic mapping
 N - a scroll of blinking
Potions
 i - 3 potions of haste
 r - 6 potions of invisibility {unknown}
 s - 5 potions of flight
 t - 3 potions of degeneration
 u - 3 potions of heal wounds
 w - 4 potions of might
 z - 3 potions of ambrosia {unknown}
 A - 5 potions of curing
 C - 7 potions of mutation
 G - a potion of lignification
 Q - a potion of resistance {unknown}
 V - 4 potions of magic {unknown}
 W - a potion of experience {unknown}
Miscellaneous
 J - a lamp of fire
Comestibles
 l - 17 rations


   Skills:
 + Level 8.3 Fighting
 * Level 4.0 Long Blades
 - Level 2.0 Staves
 + Level 5.6 Dodging
 - Level 2.0 Stealth
 - Level 4.1 Shields
 - Level 0.2 Unarmed Combat
 - Level 6.9 Spellcasting
 - Level 8.4 Conjurations
 - Level 4.0 Hexes
 - Level 4.2 Translocations
 + Level 7.9 Invocations
 + Level 6.5 Evocations


You had 6 spell levels left.
You knew the following spells:

 Your Spells              Type           Power        Failure   Level  Hunger
a - Magic Dart            Conj           ####         1%          1    None
b - Searing Ray           Conj           ####..       1%          2    None
c - Iskenderun's Mystic   Conj           ####....     3%          4    ####...
d - Force Lance           Conj/Tloc      ####....     10%         4    ####...
e - Cause Fear            Hex            ###.......   24%         4    ####...
f - Slow                  Hex            ###.....     3%          2    None

Your spell library contained the following spells:

 Spells                   Type           Power        Failure   Level  Hunger
 Corona                   Hex            ###....      2%          1    None
 Dazzling Spray           Conj/Hex       ####..       3%          3    ##.....
 Portal Projectile        Hex/Tloc       ###...       7%          3    ##.....
 Fulminant Prism          Conj/Hex       ####......   10%         4    ####...
 Inner Flame              Hex/Fire       ##......     17%         3    ##.....
 Leda's Liquefaction      Hex/Erth       ##........   50%         4    ####...


Dungeon Overview and Level Annotations

Branches:
Dungeon (12/15)            Temple (0/1) D:4            Lair (0/6) D:9
    Orc (0/2) D:12

Altars:
Cheibriados
Dithmenos
Gozag
Kikubaaqudgha
Makhleb
Qazlal
Sif Muna
Xom
Yredelemnul

Shops:
D:8 ![   D:9 *   D:11 *?(!!

Annotations:
D:2 Robin


Innate Abilities, Weirdness & Mutations

You can breathe wild blasts of lightning.
Your glossy black scales are hard. (AC +7)
You cannot fit into any form of body armour.
You are resistant to electric shocks. (rElec)
You are cold-blooded and may be slowed by cold attacks.


Message History

The orb of electricity engulfs you. You resist.
The orb of electricity explodes!
The orb of electricity engulfs you. You resist.
The orb of electricity engulfs the white ugly thing!
The white ugly thing is almost dead.
You are feeling hungry.
Casting: Force Lance (safe; 10% risk of failure)
Confirm with . or Enter, or press ? or * to list all spells.
Aiming: Force Lance (safe; 10% risk of failure)
Press: ? - help, Shift-Dir - straight line, f/p - white ugly thing
Aim: a white ugly thing (almost dead)
The lance of force hits the white ugly thing but does no damage.
The white ugly thing is almost dead.
The white ugly thing headbutts you! The white ugly thing freezes you!!
You feel protected from cold.
* * * LOW HITPOINT WARNING * * *
You feel much better. The white ugly thing headbutts you!
* * * LOW HITPOINT WARNING * * *
The white ugly thing freezes you! You resist.
You die...

#.#...<.# #####
#.###.#)###...# #.#
#.#.).....# #.#
#.#####...# #.# #.#
###.### #.# #.# #....[#
#.# #.#**#.###.#** #.#
#..,...* #.... #@#
***###,**#.### #u#
*,,,..# * ####)#
***,### *
#....#######**>,,****
###...........,,,,,,,,,
#.......######**,,,,*,,
#............,,,,,*,***
#.......#####******,* *
###...### *,* *


You could see a white ugly thing.

Vanquished Creatures
  A centaur warrior (D:10)
  2 two-headed ogres (D:10)
  A skeletal warrior (D:11)
  An orc knight (Bailey)
  A cyclops (D:11)
  A manticore (D:12)
  An ugly thing (D:11)
  A troll (D:9)
  Grinder (D:6)
  5 slime creatures
  3 hippogriffs (D:12)
  Grum (D:8)
  A human (D:11)
  A basilisk (D:11)
  2 hungry ghosts
  2 water moccasins (D:6)
  A sky beast (D:9)
  4 slaves (D:9)
  An ice beast (D:5)
  5 black bears
  A necrophage (D:5)
  3 orc warriors
  3 phantoms
  A hornet zombie (D:8)
  5 ogres
  4 centaurs
  4 wolves (D:8)
  4 big kobolds
  6 bullfrogs
  A gnoll sergeant (D:9)
  6 scorpions
  3 killer bees (D:10)
  24 wights
  6 howler monkeys
  4 crimson imps
  3 centaur zombies
  2 quasits
  6 hounds
  7 orc wizards
  3 orc priests
  2 jellies
  3 centaur skeletons
  Jessica (D:2)
  5 iguanas
  13 worker ants
  A killer bee zombie (D:10)
  A hound zombie (D:11)
  23 gnolls
  12 adders
  A howler monkey skeleton (D:11)
  10 river rats
  A shadow imp (D:10)
  An adder zombie (D:9)
  7 oozes (Sewer)
  An adder skeleton (D:6)
  6 worms
  2 dart slugs
  8 leopard geckos
  34 orcs
  3 ball pythons
  8 giant cockroaches
  9 goblins
  16 hobgoblins
  9 jackals
  12 quokkas
  17 bats
  9 frilled lizards
  A jackal skeleton (D:7)
  19 kobolds
  A leopard gecko skeleton (D:4)
  28 rats
396 creatures vanquished.

Vanquished Creatures (collateral kills)
  Harold (D:9)
  Pikel (D:9)
2 creatures vanquished.

Vanquished Creatures (others)
  An orc (D:9)
1 creature vanquished.

Grand Total: 399 creatures vanquished

Notes
Turn   | Place    | Note
-------+----------+-------------------------------------------
     0 | D:1      | FishyPogo the Draconian Conjurer began the quest for the
                  | Orb.
     0 | D:1      | Reached XP level 1. HP: 14/14 MP: 3/3
   469 | D:1      | Reached XP level 2. HP: 18/20 MP: 0/5
   482 | D:1      | Learned a level 2 spell: Searing Ray
   972 | D:1      | Reached XP level 3. HP: 26/26 MP: 1/6
  1109 | D:2      | Noticed Robin
  1130 | D:2      | Noticed Jessica
  1209 | D:2      | Found an ancient bone altar of Kikubaaqudgha.
  1314 | D:2      | Found a stormy altar of Qazlal.
  1328 | D:2      | Became a worshipper of Qazlal Stormbringer
  1720 | D:2      | Killed Jessica
  1720 | D:2      | Reached skill level 5 in Conjurations
  1720 | D:2      | Reached XP level 4. HP: 33/33 MP: 3/8
  1813 | D:2      | Found a basalt altar of Yredelemnul.
  2489 | D:3      | Reached skill level 1 in Shields
  2496 | D:3      | Found a glowing drain.
  2536 | Sewer    | Entered a sewer
  2557 | Sewer    | Reached * piety under Qazlal
  2801 | Sewer    | Reached XP level 5. HP: 38/38 MP: 1/9
  3977 | D:3      | Found a faded altar of an unknown god.
  4085 | D:4      | Found a staircase to the Ecumenical Temple.
  4102 | D:4      | Noticed a phantom
  4145 | D:4      | Killed a phantom
  4145 | D:4      | Reached XP level 6. HP: 11/45 MP: 0/11
  4239 | D:4      | Reached ** piety under Qazlal
  4565 | D:4      | Found a stormy altar of Qazlal.
  5198 | D:5      | Entered Level 5 of the Dungeon
  5204 | D:5      | Learned a level 4 spell: Iskenderun's Mystic Blast
  5438 | D:5      | Found a deep blue altar of Sif Muna.
  5519 | D:5      | Your scales start taking on a glossy black colour.
  5519 | D:5      | Reached XP level 7. HP: 49/50 MP: 1/12
  5519 | D:5      | Gained mutation: You are resistant to electric shocks.
                  | (rElec) [Black Draconian growth]
  5754 | D:5      | Reached skill level 1 in Fighting
  5861 | D:5      | Reached skill level 1 in Invocations
  6682 | D:6      | Reached *** piety under Qazlal
  6682 | D:6      | Reached skill level 1 in Staves
  6682 | D:6      | Reached XP level 8. HP: 51/62 MP: 7/14
  7114 | D:6      | Reached skill level 5 in Spellcasting
  7676 | D:6      | Noticed Grinder
  7693 | D:6      | Killed Grinder
  7700 | D:6      | Learned a level 4 spell: Force Lance
  7805 | D:6      | Reached XP level 9. HP: 69/72 MP: 15/18
  7820 | D:6      | Reached skill level 1 in Translocations
  8096 | D:7      | Reached **** piety under Qazlal
  8267 | D:7      | Reached skill level 1 in Long Blades
  8342 | D:7      | Found a shadowy altar of Dithmenos.
  8636 | D:7      | Found a snail-covered altar of Cheibriados.
  8766 | D:8      | Reached skill level 5 in Fighting
  9028 | D:8      | Found Qojaung's Armour Emporium.
  9128 | D:8      | Noticed Grum
  9129 | D:8      | Reached skill level 5 in Invocations
  9152 | D:8      | Killed Grum
  9152 | D:8      | Reached XP level 10. HP: 30/81 MP: 9/20
  9167 | D:8      | Reached ***** piety under Qazlal
  9400 | D:8      | Found a burning altar of Makhleb.
  9418 | D:8      | Found Erigu's Distillery.
  9423 | D:8      | Bought a potion of lignification for 39 gold pieces
  9423 | D:8      | Bought a potion of degeneration for 13 gold pieces
  9708 | D:8      | Found a shimmering altar of Xom.
  9760 | D:9      | Found an opulent altar of Gozag.
 10087 | D:9      | Found Giraeh's General Store.
 10100 | D:9      | Bought a scroll of magic mapping for 38 gold pieces
 10166 | D:9      | Noticed Harold
 10173 | D:9      | Noticed Pikel
 10185 | D:9      | Killed Pikel
 10185 | D:9      | Reached skill level 1 in Evocations
 10187 | D:9      | Killed Harold
 10291 | D:9      | Found a staircase to the Lair.
 10640 | D:10     | Entered Level 10 of the Dungeon
 10695 | D:10     | Noticed a two-headed ogre
 10736 | D:10     | Noticed a centaur warrior
 10758 | D:10     | Killed a centaur warrior
 11321 | D:10     | Reached XP level 11. HP: 73/92 MP: 6/21
 11329 | D:10     | Noticed a two-headed ogre
 11347 | D:10     | Killed a two-headed ogre
 11347 | D:10     | Reached skill level 5 in Evocations
 11652 | D:10     | Killed a two-headed ogre
 12018 | D:11     | Learned a level 4 spell: Cause Fear
 12147 | D:11     | Found Xiwysedo's Magic Scroll Shop.
 12148 | D:11     | Noticed a purple ugly thing
 12165 | D:11     | Killed a purple ugly thing
 12165 | D:11     | Reached skill level 1 in Hexes
 12194 | D:11     | Reached skill level 5 in Dodging
 12201 | D:11     | Bought a scroll of blinking for 82 gold pieces
 12287 | D:11     | Found Eplarhem's General Store.
 12506 | D:11     | Noticed a skeletal warrior
 12570 | D:11     | Killed a skeletal warrior
 12731 | D:11     | Noticed a skeletal warrior
 12735 | D:11     | Noticed a skeletal warrior
 13034 | D:11     | Found Yviyntej's Antique Weapon Emporium.
 13158 | D:11     | Found Atwos's Distillery.
 13270 | D:11     | Found Panwur's Distillery.
 13278 | D:11     | Bought a potion of mutation for 120 gold pieces
 13328 | D:11     | Learned a level 2 spell: Slow
 13444 | D:12     | Found a flagged portal.
 13450 | Bailey   | Entered a bailey
 13828 | Bailey   | Noticed an orc knight
 13846 | Bailey   | Killed an orc knight
 14392 | D:12     | HP: 4/94 [very large slime creature (32)]
 14400 | D:12     | HP: 3/94 [slime creature (3)]
 14761 | D:12     | Noticed a white ugly thing
 14776 | D:12     | HP: 2/95 [white ugly thing (33)]
 14777 | D:12     | Slain by a white ugly thing

Skill      XL: |  1  2  3  4  5  6  7  8  9 10 11 |
---------------+----------------------------------+-----
Stealth        | 2 |  2.0
Dodging        | 2 4 5 |  5.6
Conjurations   | 5 6 7 8 |  8.4
Shields        | 1 2 3 4 |  4.1
Spellcasting   | 3 4 6 |  6.9
Fighting       | 2 4 5 7 8 |  8.3
Invocations    | 1 3 5 6 7 |  7.9
Staves         | 1 2 |  2.0
Translocations | 3 4 |  4.2
Long Blades    | 2 3 4 |  4.0
Evocations     | 4 6 |  6.5
Hexes          | 4 |  4.0
Unarmed Combat | |  0.2

Action                   |  1- 3 |  4- 6 |  7- 9 | 10-12 || total
-------------------------+-------+-------+-------+-------++-------
Melee: Whip              |    50 |   154 |    37 |       ||   241
       Unarmed           |    10 |       |       |       ||    10
       Tailslap          |     8 |    13 |    20 |    42 ||    83
       Staff             |       |       |    39 |       ||    39
       Falchion          |       |       |    55 |   256 ||   311
Throw: Stone             |     7 |     1 |       |     2 ||    10
 Cast: Magic Dart        |    69 |   204 |   429 |   335 ||  1037
       Searing Ray       |     1 |       |     1 |       ||     2
       Force Lance       |       |       |     1 |    67 ||    68
       Iskenderun's Myst |       |       |       |     4 ||     4
Invok: Upheaval          |       |       |     1 |     1 ||     2
       Elemental Force   |       |       |       |     1 ||     1
       Disaster Area     |       |       |       |     1 ||     1
 Abil: Breathe Lightning |       |       |    18 |    23 ||    41
  Use: Scroll            |       |     7 |       |     3 ||    10
       Potion            |       |     1 |       |     5 ||     6
 Stab: Sleeping          |       |     1 |       |       ||     1
  Eat: Chunk             |     3 |    14 |    15 |    33 ||    65
Armor: Skin              |    14 |    65 |   101 |    68 ||   248
Dodge: Dodged            |    42 |   128 |   154 |   205 ||   529
       Deflected         |       |       |     1 |    25 ||    26
Block: Buckler           |       |    54 |   167 |   220 ||   441
       Rpst.: Falchion   |       |       |    17 |    60 ||    77
